 Dungeon Crawl Stone Soup version 0.30-a0-800-g7c544603b3 (webtiles) character file.

Game seed: 7327244236658276620

16630 testman the Blocker (level 12, -8/98 (100) HPs)
             Began as a Formicid Fighter on Feb 22, 2023.
             Was a High Priest of Ru.
             Mangled by an azure jelly (12 damage)
             ... in an ice cave.
             The game lasted 00:43:28 (14431 turns).

testman the Blocker (Formicid Fighter)             Turns: 14431, Time: 00:43:28

HP:   -8/98 (100)   AC: 13    Str: 25    XL:     12   Next: 72%
MP:   12/12         EV: 10    Int:  9    God:    Ru [*****.]
Gold: 656           SH:  7    Dex: 13    Spells: 11/11 levels left

rFire   x . .      SeeInvis +    w - +0 halberd
rCold   + . .      Faith    +    c - +0 buckler
rNeg    . . .      Spirit   .    v - +3 scale mail
rPois   .          Reflect  .    (helmet unavailable)
rElec   .          Harm     .    A - +1 cloak
rCorr   .          Rampage  .    (no gloves)
Will    ++...                    C - +0 pair of boots Stlth
                                 n - amulet of faith
HPRegen 0.36/turn                K - ring of ice
MPRegen 0.13/turn                D - ring of willpower

@: lightly drained
A: permanent stasis, dig shafts and tunnels, antennae 3, no stealth, inability
to use devices, hated by all, unskilled 1, four strong arms
a: Dig, Renounce Religion, Draw Out Power, Power Leap, Apocalypse


You were in an ice cave.
You worshipped Ru.
Ru was extremely pleased with you.
You visited 2 branches of the dungeon, and saw 12 of its levels.
You also visited: Ice Cave.

You collected 710 gold pieces.
You spent 54 gold pieces at shops.

Inventory:

Hand Weapons
 w - a +0 halberd (weapon)
Missiles
 a - 31 poisoned darts (quivered)
 b - 11 boomerangs
 J - 4 javelins
Armour
 c - a +0 buckler (worn)
 v - a +3 scale mail (worn)
 A - a +1 cloak (worn)
 C - a +0 pair of boots (worn)
Jewellery
 l - a +6 ring of dexterity
 n - an amulet of faith (around neck)
 o - a +6 ring of intelligence
 D - a ring of willpower (right hand)
 H - a ring of resist corrosion
 K - a ring of ice (left hand)
Scrolls
 f - 3 scrolls of enchant armour
 q - a scroll of torment {unknown}
 r - 4 scrolls of teleportation
 x - a scroll of amnesia
 y - a scroll of poison
 z - a scroll of blinking
 B - a scroll of noise {unknown}
 E - a scroll of enchant weapon {unknown}
 F - a scroll of vulnerability {unknown}
 I - a scroll of fog {unknown}
Potions
 d - 2 potions of might
 h - 4 potions of curing
 i - 2 potions of lignification
 j - a potion of resistance
 m - 2 potions of brilliance
 p - a potion of degeneration {unknown}
 s - 3 potions of flight
 u - a potion of cancellation
 G - 2 potions of attraction


   Skills:
 + Level 11.0 Fighting
 + Level 10.0 Polearms
 + Level 6.0 Throwing
 + Level 5.0 Armour
 - Level 2.0 Dodging
 + Level 13.0 Shields


You had 11 spell levels left.
You didn't know any spells.
Your spell library contained the following spells:

 Spells                   Type           Power      Damage    Failure   Level
 Magic Dart               Conj           0%         1d3       71%         1
 Sting                    Tmut/Pois      0%         1d3       71%         1
 Poisonous Vapours        Pois/Air       0%         N/A       83%         2
 Hailstorm                Conj/Ice       0%         3d3       97%         3
 Mephitic Cloud           Conj/Pois/Air  0%         N/A       97%         3
 Portal Projectile        Hex/Tloc       0%         N/A       97%         3
 Ice Form                 Ice/Tmut       0%         N/A       100%        4
 Leda's Liquefaction      Hex/Erth       0%         N/A       100%        4
 Olgreb's Toxic Radiance  Pois           0%         N/A       100%        4
 Passage of Golubria      Tloc           0%         N/A       100%        4
 Freezing Cloud           Conj/Ice/Air   0%         6-21      100%        5
 Yara's Violent Unravell  Hex/Tmut       0%         3d3       100%        5
 Polar Vortex             Ice            0%         N/A       100%        9
 Call Imp                 Summ           Unusable   N/A       N/A         2
 Call Canine Familiar     Summ           Unusable   N/A       N/A         3
 Tukima's Dance           Hex            Unusable   N/A       N/A         3
 Summon Ice Beast         Ice/Summ       Unusable   N/A       N/A         4
 Simulacrum               Ice/Necr       Unusable   N/A       N/A         6

Dungeon Overview and Level Annotations

Branches:
Dungeon (11/15)            Temple (1/1) D:6            Lair (0/5) D:10
    Orc (0/2) D:9           IceCv (1/1)

Altars:
Ashenzari
Cheibriados
Dithmenos
Elyvilon
Gozag
Kikubaaqudgha
Makhleb
Nemelex Xobeh
Okawaru
Qazlal
Ru
Sif Muna
Trog
Uskayaw
Vehumet
Wu Jian
Xom
Zin
The Shining One

Shops:
D:9 ([   D:10 *


Innate Abilities, Weirdness & Mutations

You cannot be hasted, slowed, berserked, paralysed or teleported.
You can dig through walls and to a lower floor.
You have a pair of large antennae on your head. (SInv)
You cannot be stealthy.
You cannot study or use magical devices.
You are hated by all.
You are somewhat unskilled. (-1 Apt)
Your four strong arms can wield two-handed weapons with a shield.


Message History

You block the azure jelly's attack.
The azure jelly hits you but does no damage. x2
You block the azure jelly's attack.
You slash the azure jelly!
The azure jelly is moderately wounded.
The azure jelly hits you but does no damage. x2
The azure jelly hits you! The azure jelly hits you.
You puncture the azure jelly!
The azure jelly is heavily wounded.
The azure jelly hits you but does no damage. x2
The azure jelly hits you. The azure jelly barely misses you.
You barely miss the azure jelly.
The azure jelly is heavily wounded.
You redirect the azure jelly's attack!
The azure jelly hits the slime creature!
The azure jelly freezes the slime creature!
The azure jelly hits the slime creature.
The azure jelly freezes the slime creature!
The azure jelly hits the slime creature!
The azure jelly hits the slime creature.
The azure jelly hits you but does no damage.
The azure jelly hits you. The azure jelly freezes you!! You resist.
You focus your inner power and illuminate the azure jelly in retribution!
The azure jelly closely misses you. The azure jelly misses you.
You slice the azure jelly!!
The azure jelly is severely wounded.
The azure jelly hits you. The azure jelly freezes you!! You resist.
You block the azure jelly's attack. x2
The azure jelly hits you but does no damage.
The slime creature is stunned by your conviction and fails to attack.
You hit the azure jelly.
The azure jelly is almost dead.
The azure jelly hits you.
* * * LOW HITPOINT WARNING * * *
The azure jelly freezes you!! You resist.
* * * LOW HITPOINT WARNING * * *
The azure jelly hits you.
* * * LOW HITPOINT WARNING * * *
The azure jelly freezes you! You resist.
You die...

##......# #...##..#
#....#....#
#..##..#####...... ..#
..##...##.##..#._.#..#
..#...##..##.........#
.##...#....#...#.#...#
.#...##....##.......#
.#..##......#..JJ...#
##.##...#...##..@..#
#..##..##...##....##
#..##..###..###...#
...#..## #..###..####
..##..# ##..##..##.#
..##..## #..##.##..##
#..#...# #..##......#
#..##..####..##......#
##..#....##..##......#


You could see an azure jelly (corona) and a slime creature.

Vanquished Creatures
  A quicksilver ooze (IceCv)
  7 death yaks (D:10)
  Amaemon (D:9)
  A manticore (D:11)
  An ice statue (IceCv)
  An orange demon (D:9)
  Maggie (D:9)
  A kobold demonologist (D:9)
  A troll (D:10)
  A polar bear (D:11)
  The ghost of bchevrier the Chucker, an amateur GnWn (D:3)
  10 slime creatures (IceCv)
  A centaur simulacrum (D:11)
  A wraith (D:10)
  A water elemental (D:11)
  2 wyverns
  16 yaks
  Menkaure (D:7)
  2 acid dragons
  2 water moccasins
  A black bear (D:3)
  2 sky beasts (D:7)
  3 orc warriors
  2 great orb of eyes simulacra (IceCv)
  5 ice beasts
  7 centaurs
  A wolf (D:11)
  3 kobold brigands
  3 slime creature simulacra (IceCv)
  2 bullfrogs (D:9)
  A necrophage (D:6)
  A gnoll sergeant (D:9)
  2 glowing shapeshifter simulacra (IceCv)
  2 scorpions (D:5)
  3 wights (D:8)
  18 killer bees
  4 howler monkeys
  3 quasits (D:3)
  3 orc priests
  A jelly (D:5)
  2 gnoll boudas
  5 iguanas
  7 orc wizards
  4 shapeshifter simulacra (IceCv)
  12 gnolls
  6 adders
  A shadow imp (D:8)
  17 white imps
  2 worms
  2 dart slugs
  32 orcs
  5 ball pythons
  2 bats
  4 endoplasms
  8 giant cockroaches
  4 goblins
  7 hobgoblins
  4 quokkas
  3 frilled lizards
  21 kobolds
  3 rats
271 creatures vanquished.

Vanquished Creatures (others)
  A two-headed ogre (D:10)
  A slime creature (IceCv)
  A yak (D:10)
  A killer bee (D:9)
  An orc priest (D:8)
5 creatures vanquished.

Grand Total: 276 creatures vanquished

Notes
Turn   | Place    | Note
-------+----------+-------------------------------------------
     0 | D:1      | testman the Formicid Fighter began the quest for the Orb.
     0 | D:1      | Reached XP level 1. HP: 18/18 MP: 1/1
   163 | D:1      | Reached XP level 2. HP: 24/24 MP: 2/2
   930 | D:2      | Reached XP level 3. HP: 30/30 MP: 3/3
  1081 | D:2      | You fall into a shaft and drop 2 floors!
  1260 | D:4      | Reached XP level 4. HP: 37/37 MP: 4/4
  1927 | D:3      | Reached skill level 5 in Shields
  2184 | D:3      | Noticed a black bear
  2196 | D:3      | Killed a black bear
  2197 | D:3      | Reached XP level 5. HP: 28/43 MP: 5/5
  2197 | D:3      | Reached XP level 6. HP: 32/49 MP: 6/6
  2273 | D:3      | Found a transporter.
  2275 | D:3      | Noticed bchevrier's ghost (amateur GnWn)
  2294 | D:3      | Found a transporter.
  2454 | D:3      | Reached skill level 5 in Fighting
  2454 | D:3      | Reached skill level 6 in Shields
  2470 | D:3      | Killed bchevrier's ghost
  2471 | D:3      | Reached XP level 7. HP: 47/57 MP: 7/7
  2904 | D:4      | Noticed a yak
  2904 | D:4      | Noticed a water moccasin
  2904 | D:4      | Noticed a steam dragon
  2967 | D:4      | Reached skill level 7 in Shields
  3305 | D:5      | Entered Level 5 of the Dungeon
  3361 | D:5      | Reached skill level 5 in Polearms
  3361 | D:5      | Reached XP level 8. HP: 50/64 MP: 8/8
  3812 | D:5      | Reached skill level 8 in Shields
  4571 | D:6      | Found a staircase to the Ecumenical Temple.
  4578 | Temple   | Entered the Ecumenical Temple
  4619 | Temple   | Became a worshipper of Ru the Awakened
  4900 | D:6      | Reached XP level 9. HP: 62/72 MP: 9/9
  4967 | D:6      | Reached skill level 9 in Shields
  5763 | D:7      | Gained mutation: You are hated by all. [Ru sacrifice]
  5763 | D:7      | Reached * piety under Ru
  6273 | D:7      | Noticed Menkaure
  6281 | D:7      | Killed Menkaure
  6282 | D:7      | Reached skill level 10 in Shields
  6543 | D:7      | Found an ornate altar of the Wu Jian Council.
  7046 | D:8      | Reached XP level 10. HP: 28/76 MP: 10/10
  7582 | D:8      | Reached skill level 11 in Shields
  8049 | D:8      | Found a broken altar of Ashenzari.
  8049 | D:8      | Found a glowing golden altar of the Shining One.
  8356 | D:8      | Gained mutation: You cannot study or use magical devices.
                  | [Ru sacrifice]
  8356 | D:8      | Reached ** piety under Ru
  8356 | D:8      | Reached *** piety under Ru
  8779 | D:9      | Reached skill level 1 in Throwing
  9096 | D:9      | Reached skill level 10 in Fighting
 10025 | D:9      | Found Xedobiv's Weapon Shoppe.
 10027 | D:9      | Found a staircase to the Orcish Mines.
 10031 | D:9      | Found Kosojex's Armour Shoppe.
 10041 | D:9      | Bought a +0 pair of boots for 54 gold pieces
 10077 | D:9      | Reached skill level 12 in Shields
 10091 | D:9      | Reached XP level 11. HP: 36/89 MP: 11/11
 10332 | D:9      | Noticed Amaemon
 10342 | D:9      | Killed Amaemon
 10504 | D:9      | Noticed a soul eater
 10820 | D:9      | Noticed Maggie
 10840 | D:9      | Killed Maggie
 10841 | D:9      | Gained mutation: You are somewhat unskilled. (-1 Apt) [Ru
                  | sacrifice]
 10841 | D:9      | Reduced skill Shields to level 11
 10841 | D:9      | Reached **** piety under Ru
 10841 | D:9      | Reached ***** piety under Ru
 11037 | D:10     | Entered Level 10 of the Dungeon
 11051 | D:10     | Reached skill level 10 in Fighting
 11056 | D:10     | Noticed a two-headed ogre
 11072 | D:10     | Killed a two-headed ogre
 11433 | D:10     | Noticed a death yak
 11472 | D:10     | Killed a death yak
 11473 | D:10     | Reached skill level 12 in Shields
 11644 | D:10     | Found a staircase to the Lair.
 11644 | D:10     | Noticed a death yak
 11644 | D:10     | Noticed a death yak
 11644 | D:10     | Noticed a death yak
 11645 | D:10     | Noticed a death yak
 11645 | D:10     | Noticed a death yak
 11696 | D:10     | Killed a death yak
 11983 | D:10     | Killed a death yak
 12159 | D:10     | Noticed a death yak
 12177 | D:10     | Killed a death yak
 12178 | D:10     | Reached skill level 1 in Dodging
 12185 | D:10     | Killed a death yak
 12186 | D:10     | Reached XP level 12. HP: 67/98 MP: 4/12
 12187 | D:10     | Killed a death yak
 12188 | D:10     | Reached skill level 5 in Throwing
 12193 | D:10     | Killed a death yak
 12737 | D:10     | Found Heymosuts's General Store.
 13057 | D:11     | Found a frozen archway.
 13129 | IceCv    | Entered an ice cave
 13531 | IceCv    | Got the Tome of the Winter
 13755 | IceCv    | Gained mutation: You cannot be stealthy. [Ru sacrifice]
 14070 | IceCv    | Reached skill level 5 in Armour
 14156 | IceCv    | Noticed a quicksilver ooze
 14176 | IceCv    | Killed a quicksilver ooze
 14177 | IceCv    | Reached skill level 13 in Shields
 14183 | IceCv    | Reached skill level 10 in Polearms
 14422 | IceCv    | Noticed an azure jelly
 14431 | IceCv    | HP: 4/98 [azure jelly (5)]
 14431 | IceCv    | Mangled by an azure jelly

Illustrated notes

Levels and vault maps discovered:
D:1:      amcnicky_arrival_blooded_trapdoor, layout_basic,
          minmay_misc_feat_ornament, chequers_serial_rivers_large_a,
          nicolae_concentric_dashed_squares_wild
D:2:      layout_rooms
D:3:      layout_loops_ring, gammafunk_ghost_stat_death
D:4:      layout_basic, st_stairs_4, lightli_corner_chamber
D:5:      layout_loops_corners, nrook_campfire, chequers_serial_rivers_micro_e
D:6:      layout_gridville, minmay_temple_entry_junction_2
D:7:      layout_loops_ring, nicolae_wu_jian_immortal_techniques, uniq_menkaure
D:8:      layout_basic, gammafunk_temple_overflow_wave
D:9:      layout_irregular_city, orc_david_3, kennysheep_generic_room_12,
          uniq_maggie, uniq_amaemon
D:10:     layout_loops_ring, dpeg_lair_monsters, serial_shops,
          nicolae_shop_stone, corexii_hall_statues_x
D:11:     layout_basic, serial_ice, serial_ice_o, serial_ice_m, serial_ice_k,
          serial_ice_e, portal_ice_cave_entry_imps
Temple:   hellmonk_temple_of_storms
IceCv:    ice_cave_hellmonk_azure_passage

Skill      XL: |  1  2  3  4  5  6  7  8  9 10 11 12 |
---------------+-------------------------------------+-----
Fighting       | 4 5 6 7 8 10 10 11 | 11.0
Polearms       | 3 4 5 6 7 9 9 10 | 10.0
Shields        | 5 6 7 8 10 12 12 13 | 13.0
Throwing       | 2 4 6 |  6.0
Dodging        | 1 2 |  2.0
Armour         | 5 |  5.0

Action                     |  1- 3 |  4- 6 |  7- 9 | 10-12 || total
---------------------------+-------+-------+-------+-------++-------
  Melee: Trident           |    92 |   128 |   115 |       ||   335
         Halberd           |       |       |   235 |   724 ||   959
  Throw: Dart              |       |       |     4 |    25 ||    29
         Javelin           |       |       |       |     1 ||     1
 Invoke: Sacrifice Love    |       |       |     1 |       ||     1
         Draw Out Power    |       |       |       |     2 ||     2
         Sacrifice Artific |       |       |       |     1 ||     1
         Power Leap        |       |       |       |     1 ||     1
         Apocalypse        |       |       |       |     1 ||     1
         Sacrifice Skill   |       |       |       |     1 ||     1
         Sacrifice Stealth |       |       |       |     1 ||     1
Ability: Dig               |       |       |     2 |       ||     2
    Use: Scroll            |       |     5 |     7 |     9 ||    21
         Potion            |       |     1 |     4 |    14 ||    19
   Stab: Invisible         |       |       |       |     5 ||     5
         Distracted        |       |       |       |     6 ||     6
         Paralysed         |       |       |       |     8 ||     8
 Armour: Scale mail        |    28 |    96 |   141 |   323 ||   588
  Dodge: Dodged            |    30 |    70 |   143 |   296 ||   539
  Block: Buckler           |    20 |    49 |    84 |   209 ||   362

Table legend: (Time is in decaauts)
 A = Elapsed time spent in this place.
 B = Non-inter-level travel time spent in this place.
 C = Inter-level travel time spent in this place.
 D = Time resting spent in this place.
 E = Time spent auto-exploring this place.
 F = Levels seen in this place.
 G = Mean time per level.
                   A        B        C        D        E       F      G
               +--------+--------+--------+--------+--------+-----+--------+
         Total |  14588 |  14219 |    369 |   1781 |   9824 |  13 | 1122.2 |
       Dungeon |  13224 |  12878 |    346 |   1336 |   9205 |  11 | 1202.2 |
        Temple |     57 |     34 |     23 |      0 |     18 |   1 |   57.0 |
      Ice Cave |   1306 |   1306 |      0 |    445 |    601 |   1 | 1306.0 |
               +--------+--------+--------+--------+--------+-----+--------+

Top non-repeatable levels by time:
     D:9: 1989 daAuts
    D:10: 1984 daAuts
     D:8: 1930 daAuts
     D:7: 1482 daAuts
   IceCv: 1306 daAuts
     D:5: 1258 daAuts
     D:6: 1100 daAuts
     D:4: 1015 daAuts
     D:3: 949 daAuts
     D:1: 838 daAuts
     D:2: 559 daAuts
    D:11: 115 daAuts
  Temple: 57 daAuts
